 Dungeon Crawl Stone Soup version 0.27-a0-1188-g73eefd5def (webtiles) character file.

Game seed: 6069800882322277581

28689 karkarkar the Spear-Bearer (level 13, -34/119 HPs)
             Began as a Minotaur Berserker on May 21, 2021.
             Was a Priest of Trog.
             Killed from afar by a hell hog (36 damage)
             ... with a fireball
             ... on level 2 of the Abyss.
             The game lasted 00:45:55 (14406 turns).

karkarkar the Spear-Bearer (Minotaur Berserker)    Turns: 14406, Time: 00:45:56

Health: -34/119    AC: 16    Str: 22    XL:     13   Next: 11%
Magic:  12/12      EV: 13    Int:  5    God:    Trog [***...]
Gold:   990        SH: 20    Dex: 14    Spells: 12/12 levels left

rFire    . . .     SeeInvis .   I - +6 demon trident
rCold    . . .     Faith    .   m - +2 kite shield
rNeg     . . .     Spirit   .   z - +0 swamp dragon scales
rPois    +         Reflect  +   (helmet restricted)
rElec    .         Harm     .   h - +2 cloak
rCorr    .         Rampage  .   (no gloves)
Will     .....                  s - +1 pair of boots
Stlth    ++........             t - amulet of reflection
HPRegen  0.29/turn              c - ring of poison resistance
MPRegen  0.13/turn              x - ring of flight

@: on berserk cooldown, flying, slowed, very slow
A: horns 2, retaliatory headbutt
a: Renounce Religion, Berserk, Trog's Hand


You were on level 2 of the Abyss.
You worshipped Trog.
Trog was most pleased with you.
You visited 1 branch of the dungeon, and saw 13 of its levels.
You visited the Abyss 1 time.

You collected 990 gold pieces.

Inventory:

Hand Weapons
 o - a +6 trident
 I - a +6 demon trident (weapon)
 L - a +3 vorpal broad axe
Missiles
 j - a curare-tipped dart
 y - 5 throwing nets (quivered)
Armour
 d - a +0 chain mail
 h - a +2 cloak (worn)
 m - a +2 kite shield (worn)
 s - a +1 pair of boots (worn)
 z - +0 swamp dragon scales (worn)
Jewellery
 c - a ring of poison resistance (left hand)
 t - an amulet of reflection (around neck)
 w - an amulet of faith
 x - a ring of flight (right hand)
Wands
 a - a wand of flame (40)
 k - a wand of mindburst (8)
 r - a wand of polymorph (10)
 u - a wand of acid (5)
 F - a wand of iceblast (10)
Scrolls
 l - 2 scrolls of teleportation
 n - a scroll of magic mapping
 p - a scroll of immolation
 q - 2 scrolls of fog
 A - 3 scrolls of enchant weapon
 B - a scroll of noise
 J - a scroll of fear
 K - a scroll of torment {unknown}
Potions
 b - 2 potions of invisibility
 e - a potion of berserk rage
 f - a potion of attraction
 g - 2 potions of flight
 i - a potion of heal wounds
 v - a potion of might {unknown}
 C - a potion of brilliance
 D - a potion of curing {unknown}
 E - a potion of magic {unknown}
 G - a potion of resistance {unknown}


   Skills:
 + Level 12.7 Fighting
 * Level 5.8(10.6) Axes
 - Level 13.6(14.0) Polearms
 + Level 11.0 Armour
 + Level 7.4 Dodging
 + Level 2.9 Stealth
 + Level 12.2 Shields
 + Level 0.2 Evocations


You had 12 spell levels left.
You didn't know any spells.
Your spell library was empty.

Dungeon Overview and Level Annotations

Branches:
Dungeon (13/15)            Temple (0/1) D:4            Lair (0/6) D:11
    Orc (0/2) D:10         Vaults (0/5) D:13

Altars:
Fedhas
Hepliaklqana
Makhleb
Nemelex Xobeh
Okawaru
Qazlal
Ru
Sif Muna
Trog
Wu Jian
Zin

Shops:
D:1 :   D:8 :

Annotations:
D:9 4 runed translucent doors


Innate Abilities, Weirdness & Mutations

You have a pair of horns on your head.
You reflexively headbutt those who attack you in melee.


Message History

You feel yourself moving faster!
You feel mighty!
The vampire points at itself and mumbles some strange words.
The vampire flickers and vanishes!
Deactivating autopickup; reactivate with Ctrl-A.
You hit the raiju. You headbutt the raiju.
The raiju is moderately wounded.
The raiju bursts into living lightning!
The living lightning hits you.
The raiju blinks!
You feel a strong urge to attack something.
Okay, then.
The hell hog breathes fire at you.
The fireball explodes!
The fireball engulfs you!!! The hell hog breathes fire at you.
The fireball explodes!
The fireball engulfs you!
* * * LOW HITPOINT WARNING * * *
You hear a bark!
You feel your anger nearly subside.
You are engulfed in a cloud of scalding steam.
* * * LOW HITPOINT WARNING * * *
You block the hell hog's attack.
You impale the hell hog!! Your headbutt misses the hell hog.
The hell hog is heavily wounded.
You are engulfed in a cloud of scalding steam.
You are no longer berserk.
You are exhausted.
You feel yourself slow down.
You puncture the hell hog!
The hell hog is severely wounded.
You are engulfed in a cloud of scalding steam.
You block the hell hog's attack. The hell hog breathes fire at you.
The fireball explodes!
The fireball engulfs you!!
* * * LOW HITPOINT WARNING * * *
The fireball engulfs the hell hog!
The hell hog resists.
Blink to where?
Press: ? - help, Dir - move target
As you read the scroll of blinking, it crumbles to dust.
The hell hog breathes fire at you.
The fireball explodes!
The fireball engulfs you!!!
You die...

h..#..# .#.#
..'.#.. ..
#...... .. .. #
### ###.###
.#### #
#.....##.#.... .
. ###.#.##. ..##
# .#.#.#.#.##
..#.#.#...#.##
####.#.(.......#
#.#§§###@# #
##§§§≈...#
#..#.h.#h≈#...
#. ##.#§≈h..#. #
#.#h.{...≈♣≈#
..#
###..≈≈≈≈.≈≈. .
..##.≈≈≈≈#.#
#####.h≈##. #
..≈#


You could see 4 hell hogs and a raiju.

Vanquished Creatures
  Josephine (D:12)
  2 hydras
  A vault guard (D:13)
  An ice dragon (D:11)
  A boulder beetle (D:12)
  A death knight (D:12)
  A centaur warrior (D:12)
  4 two-headed ogres
  A deep elf pyromancer (D:12)
  2 necromancers (D:13)
  2 wizards
  3 ugly things
  2 cyclopes
  A gargoyle (D:13)
  2 komodo dragons (D:11)
  A kobold demonologist (D:12)
  2 freezing wraiths (D:12)
  A yaktaur (D:13)
  Maggie (D:7)
  An efreet (D:13)
  A meliai (D:12)
  A polar bear (D:11)
  8 trolls
  6 slime creatures (D:13)
  8 wraiths
  2 wyverns (D:11)
  A vampire (D:13)
  15 humans (D:13)
  A small abomination (Abyss:2)
  6 yaks
  3 vampire mosquitoes (D:10)
  2 wargs (D:10)
  4 water moccasins
  A swamp drake (D:11)
  4 orc warriors
  A sky beast (D:7)
  3 black bears
  A hornet zombie (D:5)
  A necrophage (D:5)
  An ogre (D:3)
  2 wolves (D:11)
  9 centaurs
  3 kobold brigands
  A bullfrog (D:7)
  6 gnoll sergeants
  2 scorpions
  5 killer bees
  10 wights
  6 howler monkeys
  An electric eel (D:6)
  2 centaur zombies
  2 centaur skeletons (D:7)
  2 jellies
  5 orc priests (D:10)
  2 bullfrog skeletons
  2 gnoll shamans
  2 hounds (D:5)
  Terence (D:3)
  9 orc wizards
  A killer bee zombie (D:7)
  A centaur simulacrum (D:9)
  A mummy (D:6)
  A howler monkey zombie (D:9)
  30 gnolls
  5 adders
  A shadow imp (D:5)
  A white imp (D:7)
  An ufetubus (D:4)
  2 worms
  2 dart slugs
  33 orcs
  A ball python (D:2)
  7 endoplasms
  6 goblins
  7 hobgoblins
  2 bats
  4 frilled lizards
  A hobgoblin zombie (D:6)
  21 kobolds
  An orc zombie (D:6)
  5 rats
307 creatures vanquished.

Vanquished Creatures (collateral kills)
  A rime drake (D:11)
1 creature vanquished.

Vanquished Creatures (others)
  A wizard (D:9)
  A fungus (D:3)
  16 plants
18 creatures vanquished.

Grand Total: 326 creatures vanquished

Notes
Turn   | Place    | Note
-------+----------+-------------------------------------------
     0 | D:1      | karkarkar the Minotaur Berserker began the quest for the
                  | Orb.
     0 | D:1      | Reached XP level 1. HP: 19/19 MP: 0/0
   355 | D:1      | Found Vaduud's Book Boutique.
   363 | D:1      | Reached XP level 2. HP: 26/27 MP: 1/1
   661 | D:2      | Reached XP level 3. HP: 33/33 MP: 2/2
   903 | D:2      | Found a faded altar of an unknown god.
  1537 | D:3      | Noticed Terence
  1557 | D:3      | Killed Terence
  1558 | D:3      | Reached skill level 5 in Axes
  1558 | D:3      | Reached XP level 4. HP: 37/41 MP: 3/3
  1729 | D:3      | Noticed an ogre
  1733 | D:3      | Killed an ogre
  1734 | D:3      | Reached skill level 5 in Fighting
  1734 | D:3      | Reached XP level 5. HP: 48/48 MP: 4/4
  1808 | D:3      | Reached ** piety under Trog
  2157 | D:4      | Reached skill level 1 in Polearms
  2395 | D:4      | Reached skill level 2 in Polearms
  2395 | D:4      | Reached XP level 6. HP: 39/56 MP: 5/5
  2593 | D:4      | Found a staircase to the Ecumenical Temple.
  2724 | D:5      | Entered Level 5 of the Dungeon
  2797 | D:5      | Reached skill level 3 in Polearms
  2797 | D:5      | Reached skill level 1 in Shields
  2949 | D:5      | Reached XP level 7. HP: 58/61 MP: 6/6
  3026 | D:5      | Reached skill level 4 in Polearms
  3361 | D:5      | You fall into a shaft and drop 2 floors!
  3380 | D:7      | Reached skill level 5 in Armour
  3432 | D:7      | Reached skill level 5 in Polearms
  3464 | D:7      | Noticed Maggie
  3704 | D:6      | Reached skill level 6 in Polearms
  3704 | D:6      | Reached XP level 8. HP: 33/69 MP: 7/7
  4104 | D:6      | Reached skill level 7 in Polearms
  5367 | D:7      | Killed Maggie
  5368 | D:7      | Reached skill level 8 in Polearms
  5597 | D:7      | Reached XP level 9. HP: 78/78 MP: 8/8
  5661 | D:7      | Reached skill level 9 in Polearms
  5662 | D:7      | Reached *** piety under Trog
  6136 | D:8      | Reached skill level 10 in Polearms
  6161 | D:8      | Found a shimmering blue altar of Sif Muna.
  6162 | D:8      | Found a stormy altar of Qazlal.
  6163 | D:8      | Found a bloodstained altar of Trog.
  6175 | D:8      | Found a glowing silver altar of Zin.
  6223 | D:8      | Found a sparkling altar of Nemelex Xobeh.
  6226 | D:8      | Found a hazy altar of Hepliaklqana.
  6226 | D:8      | Found a sacrificial altar of Ru.
  6230 | D:8      | Found a burning altar of Makhleb.
  6265 | D:8      | Found Nutiec's Book Shop.
  6395 | D:8      | Reached skill level 5 in Shields
  6599 | D:8      | Reached **** piety under Trog
  6613 | D:8      | Found an iron altar of Okawaru.
  6613 | D:8      | Found a blossoming altar of Fedhas.
  6621 | D:8      | Found an ornate altar of the Wu Jian Council.
  6623 | D:8      | Found a faded altar of an unknown god.
  6625 | D:8      | Found a faded altar of an unknown god.
  6689 | D:8      | Reached skill level 11 in Polearms
  7080 | D:9      | Found a large runed translucent door.
  7080 | D:9      | Found a large runed translucent door.
  7081 | D:9      | Noticed a tengu warrior
  7082 | D:9      | Noticed a centaur warrior
  7097 | D:9      | Noticed a wizard
  7115 | D:9      | Killed a wizard
  7116 | D:9      | Reached XP level 10. HP: 78/86 MP: 9/9
  7285 | D:9      | Found a large runed translucent door.
  7285 | D:9      | Found a large runed translucent door.
  7679 | D:9      | Reached skill level 12 in Polearms
  7679 | D:9      | Reached skill level 1 in Stealth
  7881 | D:10     | Entered Level 10 of the Dungeon
  7947 | D:10     | Noticed a two-headed ogre
  7952 | D:10     | Killed a two-headed ogre
  8160 | D:10     | Reached ***** piety under Trog
  8476 | D:10     | Found a staircase to the Orcish Mines.
  9059 | D:11     | Reached skill level 13 in Polearms
  9709 | D:11     | Noticed a two-headed ogre
  9712 | D:11     | Noticed a cyclops
  9716 | D:11     | Killed a two-headed ogre
  9717 | D:11     | Reached XP level 11. HP: 94/94 MP: 10/10
  9890 | D:11     | Noticed a two-headed ogre
  9896 | D:11     | Killed a two-headed ogre
  9989 | D:11     | Found a glowing silver altar of Zin.
 10276 | D:11     | Received a gift from Trog
 10525 | D:11     | Found a staircase to the Lair.
 10595 | D:11     | Noticed an eight-headed hydra
 10604 | D:11     | Killed an eight-headed hydra
 10768 | D:11     | Noticed an ice dragon
 10799 | D:11     | Reached skill level 10 in Armour
 10807 | D:11     | Killed an ice dragon
 11305 | D:12     | Noticed a centaur warrior
 11320 | D:12     | Killed a centaur warrior
 11321 | D:12     | Reached skill level 5 in Dodging
 11438 | D:12     | Identified the +1 robe of the Original Sin {rF+ rC+ MP-9}
 11466 | D:12     | Noticed a boulder beetle
 11569 | D:12     | Killed a boulder beetle
 11570 | D:12     | Reached skill level 10 in Fighting
 11591 | D:12     | Noticed a wizard
 11603 | D:12     | Killed a wizard
 11721 | D:12     | Noticed a deep elf pyromancer
 11721 | D:12     | Noticed a four-headed hydra
 11722 | D:12     | Noticed a white ugly thing
 11891 | D:12     | Killed a four-headed hydra
 11892 | D:12     | Reached XP level 12. HP: 89/107 MP: 11/11
 12009 | D:12     | Reached skill level 10 in Shields
 12269 | D:12     | Noticed a two-headed ogre
 12279 | D:12     | Killed a two-headed ogre
 12529 | D:12     | Noticed Josephine
 12552 | D:12     | Killed Josephine
 12851 | D:12     | Noticed a death knight
 12997 | D:12     | Killed a death knight
 14141 | D:13     | Received a gift from Trog
 14142 | D:13     | Reached XP level 13. HP: 116/119 MP: 12/12
 14304 | D:13     | Found a gate to the Vaults.
 14320 | D:13     | Cast into level 2 of the Abyss (a wizard)
 14320 | Abyss:2  | Found a corrupted altar of Lugonu.
 14405 | Abyss:2  | HP: 1/119 [hell hog/fireball (32)]
 14406 | Abyss:2  | Killed from afar by a hell hog

Illustrated notes

Levels and vault maps discovered:
D:1:      lightli_arrival_farm, layout_rooms, serial_shops, shop
D:2:      layout_loops_ring, shapermc_ecumenical_altar_hornbeckon,
          serial_bayou_crossing
D:3:      layout_basic, hangedman_decor_growths, kennysheep_nub,
          grunt_decor_one_mirror, minmay_misc_feat_plants, uniq_terence
D:4:      layout_basic, minmay_temple_entry_antechambers
D:5:      layout_gridville, small_statue_intersection, minivault_23
D:6:      layout_loops_ring, nicolae_ossuary_entry_giza,
          kennysheep_another_room, kennysheep_cross_room
D:7:      layout_rooms, minmay_fractal_squares_5, uniq_maggie
D:8:      layout_cave_pools, grunt_temple_overflow_open,
          chequers_temple_overflow_minitemple, serial_shops, shop
D:9:      layout_basic, minmay_hollow_rounded_squares
D:10:     layout_small_grid, erik_orc_3, due_unseen_surprise
D:11:     layout_long_grid, erik_lair_dragon,
          portal_ice_cave_entry_animals_and_master, zin_statuary
D:12:     layout_loops_ring, minmay_shattered_shrine, uniq_josephine
D:13:     layout_loops_cross, grunt_vaults_entry_tiered,
          statue_in_the_mist_lemuel
Abyss:2:  base: D:8, base:
D:8

Skill      XL: |  1  2  3  4  5  6  7  8  9 10 11 12 |
---------------+-------------------------------------+-----
Axes           | 4 5 |  5.8
Fighting       | 4 5 6 7 8 10 12 | 12.7
Armour         | 3 4 5 6 7 8 10 11 | 11.0
Polearms       | 2 3 6 8 11 13 | 13.6
Dodging        | 3 4 5 7 |  7.4
Shields        | 1 2 3 5 7 9 12 | 12.2
Stealth        | 1 2 |  2.9
Evocations     | |  0.2

Action                   |  1- 3 |  4- 6 |  7- 9 | 10-12 | 13-15 || total
-------------------------+-------+-------+-------+-------+-------++-------
Melee: Hand axe          |    64 |     9 |       |       |       ||    73
       Headbutt          |    12 |    10 |    33 |   113 |    10 ||   178
       Trident           |       |    45 |   273 |   270 |       ||   588
       Demon trident     |       |       |       |   358 |    42 ||   400
Invok: Berserk           |     2 |     2 |     9 |    12 |     2 ||    27
       Trog's Hand       |       |       |     5 |     5 |       ||    10
       Brothers in Arms  |       |       |       |     1 |       ||     1
Evoke: Wand              |       |     1 |       |     1 |       ||     2
  Use: Scroll            |     1 |     4 |     6 |     6 |     1 ||    18
       Potion            |       |     1 |     2 |     6 |       ||     9
 Stab: Distracted        |       |       |       |     1 |       ||     1
Armor: Animal skin       |     2 |       |       |       |       ||     2
       Chain mail        |    22 |    21 |   169 |    91 |       ||   303
       Swamp dragon scal |       |       |       |    79 |    23 ||   102
Dodge: Dodged            |    25 |    12 |    76 |   147 |    10 ||   270
Block: Kite shield       |       |    23 |   169 |   353 |    35 ||   580
       Reflection        |       |       |       |       |     1 ||     1

Table legend: (Time is in decaauts)
 A = Elapsed time spent in this place.
 B = Non-inter-level travel time spent in this place.
 C = Inter-level travel time spent in this place.
 D = Time resting spent in this place.
 E = Time spent auto-exploring this place.
 F = Levels seen in this place.
 G = Mean time per level.
                   A        B        C        D        E       F      G
               +--------+--------+--------+--------+--------+-----+--------+
         Total |  14519 |  14296 |    223 |   2635 |   8771 |  14 | 1037.1 |
       Dungeon |  14428 |  14205 |    223 |   2598 |   8771 |  13 | 1109.8 |
         Abyss |     91 |     91 |      0 |     37 |      0 |   1 |   91.0 |
               +--------+--------+--------+--------+--------+-----+--------+

Top non-repeatable levels by time:
    D:11: 2152 daAuts
    D:12: 1985 daAuts
     D:6: 1279 daAuts
     D:5: 1218 daAuts
    D:10: 1124 daAuts
    D:13: 1091 daAuts
     D:7: 991 daAuts
     D:8: 933 daAuts
     D:3: 926 daAuts
     D:9: 841 daAuts
     D:4: 676 daAuts
     D:2: 675 daAuts
     D:1: 533 daAuts
 Abyss:2: 91 daAuts
